 Dungeon Crawl Stone Soup version 0.31-a0-1589-g8f5e8aebd6 (webtiles) character file.

Game seed: 15485418711737020117

1025 pokeman the Thaumaturge (level 8, -4/44 HPs)
             Began as a Deep Elf Hedge Wizard on Jan 5, 2024.
             Was a Believer of Vehumet.
             Slain by a manticore (22 damage)
             ... on level 6 of the Dungeon.
             The game lasted 00:12:30 (5063 turns).

pokeman the Thaumaturge (Deep Elf Hedge Wizard)     Turns: 5063, Time: 00:12:31

Health: -4/44      AC:  3    Str:  7    XL:     8   Next: 2%
Magic:  9/31       EV: 13    Int: 22    God:    Vehumet [**....]
Gold:   335        SH:  0    Dex: 14    Spells: 6/24 levels left

rFire   . . .        a - +1 trident (venom)
rCold   . . .        (no shield)
rNeg    . . .        b - +0 robe
rPois   .            c - +0 hat
rElec   .            (no cloak)
rCorr   .            v - +0 pair of gloves
SInv    .            (no boots)
Will    .....        f - amulet of regeneration
Stlth   ++           k - ring of magical power
HPRegen 1.07/turn    (no ring)
MPRegen 0.22/turn

%: no passive effects
@: no status effects
A: no striking features
a: Renounce Religion


You were on level 6 of the Dungeon.
You worshipped Vehumet.
Vehumet was pleased with you.
You visited 2 branches of the dungeon, and saw 7 of its levels.
You also visited: Sewer.

You collected 335 gold pieces.

Inventory:

Hand Weapons
 a - a +1 trident of venom (weapon)
Missiles
 w - a curare-tipped dart
Armour
 b - a +0 robe (worn)
 c - a +0 hat (worn)
 v - a +0 pair of gloves (worn)
 z - a +0 buckler
Jewellery
 f - an amulet of regeneration (around neck)
 k - a ring of magical power (left hand)
Wands
 q - a wand of quicksilver (11)
Scrolls
 h - 5 scrolls of identify {unknown}
 i - 2 scrolls of fear {unknown}
 l - 2 scrolls of poison {unknown}
 n - a scroll of acquirement {unknown}
 o - 3 scrolls of teleportation {unknown}
 s - a scroll of enchant weapon {unknown}
 t - a scroll of immolation {unknown}
 u - a scroll of amnesia {unknown}
 y - a scroll of torment {unknown}
Potions
 d - a potion of magic
 e - a potion of lignification {unknown}
 g - 3 potions of curing
 j - 4 potions of heal wounds {unknown}
 m - 4 potions of might {unknown}
 p - a potion of resistance {unknown}
 r - a potion of mutation {unknown}
 x - 2 potions of enlightenment


   Skills:
 - Level 2.0 Fighting
 - Level 1.0 Armour
 - Level 3.0 Dodging
 - Level 3.0 Stealth
 + Level 1.4 Shields
 * Level 8.8 Spellcasting
 + Level 4.4 Conjurations
 - Level 1.1 Summonings
 - Level 1.1 Translocations
 + Level 3.2 Fire Magic
 - Level 1.1 Ice Magic
 - Level 1.0 Air Magic
 - Level 1.0 Alchemy
 - Level 1.0 Evocations


You had 6 spell levels left.
You knew the following spells:

 Your Spells              Type           Power      Damage    Failure   Level
a - Magic Dart            Conj           100%       1d8       1%          1
b - Mephitic Cloud        Conj/Alch/Air  19%        N/A       9%          3
c - Call Imp              Summ           28%        N/A       7%          2
d - Blink                 Tloc           28%        N/A       7%          2
e - Foxfire               Conj/Fire      100%       2x1d9     1%          1
f - Ignite Poison         Fire/Alch      19%        N/A       28%         4
g - Freezing Cloud        Conj/Ice/Air   9%         6-21      61%         5

Your spell library contained the following spells:

 Spells                   Type           Power      Damage    Failure   Level
 Sandblast                Erth           18%        2d7       7%          1
 Slow                     Hex            36%        N/A       7%          1
 Cigotuvi's Dreadful Rot  Necr/Alch/Air  24%        N/A       8%          2
 Sublimation of Blood     Necr           9%         N/A       11%         2
 Animate Dead             Necr           9%         N/A       56%         4
 Borgnjor's Vile Clutch   Necr/Erth      4%         N/A       88%         5
 Death Channel            Necr           4%         N/A       100%        6
 Summon Hydra             Summ           7%         N/A       100%        7


Dungeon Overview and Level Annotations

Branches:
Dungeon (6/15)             Temple (1/1) D:4           Sewer (visited)

Altars:
Ashenzari
Cheibriados
Dithmenos
Elyvilon
Gozag
Hepliaklqana
Kikubaaqudgha
Makhleb
Nemelex Xobeh
Qazlal
Ru
Trog
Uskayaw
Vehumet
Wu Jian
Xom
Yredelemnul
Zin
The Shining One


Message History

The manticore is moderately wounded.
The manticore is engulfed in noxious fumes.
Unknown command.
Unknown command.
You barely miss the manticore.
The manticore is moderately wounded.
The manticore is engulfed in noxious fumes.
The manticore appears confused.
Unknown command.
Casting: Mephitic Cloud (dangerous; 9% risk of failure)
Confirm with . or Enter, or press ? or * to list all spells.
Aiming: Mephitic Cloud (dangerous; 9% risk of failure)
Press: ? - help, Shift-Dir - straight line, f/p - manticore
Aim: a manticore (moderately wounded, confused, chance to affect: 58%)
The ball explodes into a vile cloud!
The stinking cloud engulfs the manticore.
The manticore is moderately wounded.
The manticore is engulfed in noxious fumes.
The manticore appears confused.
Unknown command.
Unknown command.
Reach: a) +1 trident (venom)
Press: ? - help, Dir - move target, f/p - manticore
Aim: a manticore (noxious fumes, moderately wounded, confused, about 14% to evade your +1 trident of venom)
You hit the manticore.
The manticore is poisoned.
The manticore is heavily wounded.
The manticore is engulfed in noxious fumes.
The manticore appears confused.
The manticore bites you! The manticore claws you! The manticore misses you.
Unknown command.
Reach: a) +1 trident (venom)
Press: ? - help, Dir - move target, f/p - manticore
Aim: a manticore (noxious fumes, heavily wounded, confused, very poisoned, about 14% to evade your +1 trident of venom)
You hit the manticore but do no damage.
The manticore looks as sick as possible!
The manticore is heavily wounded.
The manticore is engulfed in noxious fumes.
The manticore bites you!!
Ouch! That really hurt!
You die...

# #. #°######
.☼.. .# .
#☼##°# ..
#.§°§#
#.#####.###§H#
#.#<......#@.#
#.#.###.#.#..#
#.......# #..#
#...#####.#..#
#.........#..#
#..#...####..#
#..#......#..#
#..#...##.#..#
#..#.#.#
#..#####


You could see a manticore (confused, extremely poisoned).

Vanquished Creatures
  An ice beast (D:5)
  An ogre (D:4)
  A centaur (D:5)
  2 kobold brigands (Sewer)
  A scorpion (D:5)
  3 bombardier beetles
  2 hounds
  An orc priest (D:4)
  2 jellies
  Ijyb (D:3)
  2 iguanas
  3 gnolls (D:3)
  7 adders
  2 river rats (Sewer)
  2 ufetubi (D:5)
  A dart slug (D:5)
  4 ribbon worms
  19 orcs
  6 ball pythons
  5 bats
  3 endoplasms
  9 giant cockroaches
  5 goblins
  4 hobgoblins
  A jackal (Sewer)
  6 quokkas
  2 frilled lizards (D:3)
  12 kobolds
  12 rats
120 creatures vanquished.

Vanquished Creatures (collateral kills)
  A gnoll (D:3)
  4 foxfires (D:5)
5 creatures vanquished.

Vanquished Creatures (others)
  127 foxfires
127 creatures vanquished.

Grand Total: 252 creatures vanquished

Notes
Turn   | Place    | Note
-------+----------+-------------------------------------------
     0 | D:1      | pokeman the Deep Elf Hedge Wizard began the quest for the
                  | Orb.
     0 | D:1      | Reached XP level 1. HP: 10/10 MP: 7/7
   404 | D:1      | Reached XP level 2. HP: 15/15 MP: 7/9
  1472 | D:2      | Reached skill level 5 in Spellcasting
  1629 | D:2      | Reached XP level 3. HP: 20/20 MP: 11/11
  1633 | D:2      | Learned a level 3 spell: Mephitic Cloud
  1636 | D:2      | Learned a level 2 spell: Call Imp
  1639 | D:2      | Learned a level 2 spell: Blink
  1783 | D:2      | Reached skill level 1 in Armour
  1862 | D:2      | Reached skill level 1 in Fighting
  2095 | D:3      | Reached XP level 4. HP: 25/25 MP: 13/13
  2420 | D:3      | Noticed Ijyb
  2433 | D:3      | Reached skill level 6 in Spellcasting
  2434 | D:3      | Killed Ijyb
  2435 | D:3      | Reached XP level 5. HP: 29/29 MP: 9/15
  2528 | D:3      | Learned a level 4 spell: Ignite Poison
  2893 | D:3      | Identified the +1 kite shield "Bafi" {Str+3 Dex+4}
  3060 | D:4      | Reached skill level 1 in Air Magic
  3060 | D:4      | Reached skill level 1 in Alchemy
  3068 | D:4      | Reached skill level 1 in Fire Magic
  3068 | D:4      | Reached skill level 1 in Evocations
  3068 | D:4      | Reached XP level 6. HP: 28/34 MP: 17/17
  3181 | D:4      | Found a staircase to the Ecumenical Temple.
  3198 | Temple   | Entered the Ecumenical Temple
  3214 | Temple   | Became a worshipper of Vehumet
  3469 | D:4      | Reached skill level 7 in Spellcasting
  3953 | D:4      | Found an opulent altar of Gozag.
  4007 | D:4      | Learned a level 5 spell: Freezing Cloud
  4046 | D:5      | Entered Level 5 of the Dungeon
  4093 | D:5      | Reached * piety under Vehumet
  4093 | D:5      | Offered knowledge of Foxfire by Vehumet.
  4096 | D:5      | Learned a level 1 spell: Foxfire
  4167 | D:5      | Found a glowing drain.
  4182 | Sewer    | Entered a sewer
  4277 | Sewer    | Reached XP level 7. HP: 39/39 MP: 20/20
  4291 | Sewer    | Reached skill level 1 in Ice Magic
  4368 | Sewer    | Found a white marble altar of Elyvilon.
  4527 | D:5      | Reached skill level 8 in Spellcasting
  4570 | D:5      | Reached skill level 1 in Shields
  4708 | D:5      | Found a broken altar of Ashenzari.
  4765 | D:5      | Found a shadowy altar of Dithmenos.
  5040 | D:6      | Offered knowledge of Sandblast by Vehumet.
  5040 | D:6      | Noticed a manticore
  5042 | D:6      | Reached ** piety under Vehumet
  5043 | D:6      | Reached XP level 8. HP: 44/44 MP: 22/22
  5063 | D:6      | Slain by a manticore

Illustrated notes

Levels and vault maps discovered:
D:1:      lightli_arrival_farm, layout_basic, hex_large
D:2:      layout_basic
D:3:      layout_basic, minmay_cupped, uniq_ijyb
D:4:      layout_loops_cross, lemuel_doored_altar, temple_pool_b
D:5:      layout_rooms, mainiacjoe_overflow_catch_the_wave, portal_sewer_entry_f
D:6:      layout_basic, mainiacjoe_overflow_swirl
Temple:   eino_temple_rhombus

Skill      XL: |  1  2  3  4  5  6  7 |
---------------+----------------------+-----
Spellcasting   | 5 6 7 8 |  8.8
Armour         | 1 |  1.0
Conjurations   | 2 3 4 |  4.4
Fighting       | 1 2 |  2.0
Dodging        | 3 |  3.0
Stealth        | 3 |  3.0
Air Magic      | 1 |  1.0
Alchemy        | 1 |  1.0
Fire Magic     | 1 2 3 |  3.2
Evocations     | 1 |  1.0
Ice Magic      | 1 |  1.1
Shields        | 1 |  1.4
Summonings     | |  1.1
Translocations | |  1.1

Action                     |  1- 3 |  4- 6 |  7- 9 || total
---------------------------+-------+-------+-------++-------
  Melee: Dagger            |     1 |       |       ||     1
         Trident           |       |    72 |     7 ||    79
         Punch             |       |     1 |       ||     1
   Cast: Magic Dart        |    82 |   104 |       ||   186
         Mephitic Cloud    |     1 |    16 |     7 ||    24
         Foxfire           |       |    24 |    50 ||    74
         Ignite Poison     |       |       |     1 ||     1
   Stab: Confused          |       |     3 |       ||     3
 Armour: Robe              |     5 |    35 |     6 ||    46
  Dodge: Dodged            |     9 |    45 |     4 ||    58

Table legend: (Time is in decaauts)
 A = Elapsed time spent in this place.
 B = Non-inter-level travel time spent in this place.
 C = Inter-level travel time spent in this place.
 D = Time resting spent in this place.
 E = Time spent auto-exploring this place.
 F = Levels seen in this place.
 G = Mean time per level.
                   A        B        C        D        E       F      G
               +--------+--------+--------+--------+--------+-----+--------+
         Total |   5141 |   4983 |    158 |     27 |   4137 |   8 |  642.6 |
       Dungeon |   4856 |   4728 |    128 |      0 |   3964 |   6 |  809.3 |
        Temple |     32 |      2 |     30 |      0 |      0 |   1 |   32.0 |
         Sewer |    251 |    251 |      0 |     27 |    172 |   1 |  251.0 |
               +--------+--------+--------+--------+--------+-----+--------+

Top non-repeatable levels by time:
     D:1: 1189 daAuts
     D:4: 1028 daAuts
     D:2: 921 daAuts
     D:3: 918 daAuts
     D:5: 673 daAuts
   Sewer: 251 daAuts
     D:6: 125 daAuts
  Temple: 32 daAuts
